 Dungeon Crawl Stone Soup version 0.28.0 (webtiles) character file.

Game seed: 12048065142399865475

57 Eitelfritz the Skirmisher (level 4, -11/40 HPs)
             Began as a Hill Orc Fighter on Feb 11, 2022.
             Was an Initiate of the Shining One.
             Mangled by an ice beast (12 damage)
             ... on level 3 of the Dungeon.
             The game lasted 00:03:34 (1792 turns).

Eitelfritz the Skirmisher (Hill Orc Fighter)        Turns: 1792, Time: 00:03:36

Health: -11/40     AC: 11    Str: 18    XL:     4   Next: 0%
Magic:  4/4        EV: 13    Int: 10    God:    the Shining One [......]
Gold:   40         SH:  4    Dex: 10    Spells: 3/3 levels left

rFire   . . .      SeeInvis .   a - +0 war axe
rCold   . . .      Faith    .   c - +0 buckler
rNeg    . . .      Spirit   .   b - +0 scale mail
rPois   .          Reflect  .   (no helmet)
rElec   .          Harm     .   (no cloak)
rCorr   .          Rampage  .   (no gloves)
Will    .....                   (no boots)
Stlth   ..........              (no amulet)
HPRegen 0.13/turn               j - +4 ring of evasion
MPRegen 0.09/turn               i - +4 ring of protection

@: glowing
A: no striking features
a: Renounce Religion


You were on level 3 of the Dungeon.
You worshipped the Shining One.
The Shining One was noncommittal.
You visited 1 branch of the dungeon, and saw 3 of its levels.

You collected 40 gold pieces.

Inventory:

Hand Weapons
 a - a +0 war axe (weapon)
Armour
 b - a +0 scale mail (worn)
 c - a +0 buckler (worn)
Jewellery
 i - a +4 ring of protection (right hand)
 j - a +4 ring of evasion (left hand)
Scrolls
 f - 2 scrolls of teleportation {unknown}
 h - a scroll of blinking {unknown}
Potions
 d - a potion of might
 e - a potion of berserk rage {unknown}
 g - a potion of magic {unknown}


   Skills:
 + Level 4.1 Fighting
 + Level 3.8 Axes
 + Level 3.9 Armour
 + Level 0.1 Dodging
 + Level 3.6 Shields


You had 3 spell levels left.
You didn't know any spells.
Your spell library was empty.

Dungeon Overview and Level Annotations

Branches:
Dungeon (3/15)

Altars:
The Shining One

Annotations:
D:3 Jessica


Message History

The ice beast hits you. The ice beast freezes you!
Jessica hits you but does no damage. You block the ice beast's attack.
You hit the ice beast but do no damage.
The ice beast is moderately wounded.
You barely miss Jessica. Jessica completely misses you.
Jessica casts a spell.
Jessica blinks!
The ice beast hits you but does no damage.
You hit Jessica but do no damage. You closely miss the ice beast.
Jessica misses you.
The ice beast hits you but does no damage.
Jessica hits you with a +4 club.
You closely miss Jessica. You hit the ice beast but do no damage.
Jessica hits you with a +4 club.
The ice beast hits you but does no damage.
You block Jessica's attack. The ice beast closely misses you.
You closely miss Jessica. You barely miss the ice beast.
Jessica shouts, "You are a ghastly nuisance!"
You block Jessica's attack. The ice beast completely misses you.
Jessica hits you but does no damage.
You hit Jessica.
Jessica is heavily wounded.
You completely miss the orc. You hit the ice beast but do no damage.
Jessica casts a spell.
Jessica blinks!
You block the orc's attack. The ice beast hits you. The ice beast freezes you!
* * * LOW HITPOINT WARNING * * *
Jessica gestures at you while chanting. Pain shoots through your body!
The Shining One protects you from harm! The orc hits you but does no damage.
Unknown command.
You slash the orc!
You kill the orc!
You hit Jessica. You slash the ice beast!
Jessica casts a spell.
Jessica blinks!
You block the ice beast's attack. The ice beast hits you.
* * * LOW HITPOINT WARNING * * *
The ice beast freezes you!
You die...

. .. ..........#
#####.....o.....
##..............#
#§.)............#
#.@♣♣PP♣........###
#)Y)P♣PP..#........
#..♣._♣♣..#........
#..P♣P.♣...........
#..♣♣.@.......##.##
#...P......##..#..#
#..[.......###.#..#
#.........## #Y#..#
########### #.....


You could see an ice beast and Jessica (fast).

Vanquished Creatures
  2 worms (D:2)
  A dart slug (D:1)
  3 orcs (D:3)
  4 ball pythons (D:1)
  6 endoplasms
  3 giant cockroaches
  A goblin (D:1)
  2 hobgoblins
  4 jackals (D:2)
  A quokka (D:1)
  4 bats
  4 frilled lizards
  4 kobolds
  7 rats
46 creatures vanquished.

Vanquished Creatures (others)
  3 fungi (D:3)
  6 plants
9 creatures vanquished.

Grand Total: 55 creatures vanquished

Notes
Turn   | Place    | Note
-------+----------+-------------------------------------------
     0 | D:1      | Eitelfritz the Hill Orc Fighter began the quest for the
                  | Orb.
     0 | D:1      | Reached XP level 1. HP: 19/19 MP: 1/1
   272 | D:1      | Reached XP level 2. HP: 24/27 MP: 2/2
   497 | D:1      | Reached skill level 4 in Fighting
   528 | D:1      | Reached XP level 3. HP: 30/33 MP: 3/3
   863 | D:2      | Found a glowing golden altar of the Shining One.
   871 | D:2      | Became a worshipper of the Shining One
  1747 | D:3      | Noticed an ice beast
  1764 | D:3      | Noticed Jessica
  1767 | D:3      | Found a faded altar of an unknown god.
  1786 | D:3      | Reached XP level 4. HP: 38/40 MP: 4/4
  1791 | D:3      | The Shining One protects you from harm!
  1792 | D:3      | HP: 1/40 [ice beast (2)]
  1792 | D:3      | Mangled by an ice beast

Illustrated notes

Levels and vault maps discovered:
D:1:      lordsloth_arrival_two_stooges, layout_rooms, hangedman_decor_points,
          hangedman_decor_growths, serial_bayou_lake_a
D:2:      layout_basic, basic_altar
D:3:      layout_rooms, dreamdust_ecumenical_altar_grove, minmay_vboxes,
          uniq_jessica, uniq_terence

Skill      XL: |  1  2 |
---------------+-------+-----
Axes           | 3 |  3.8
Fighting       | 4 |  4.1
Armour         | |  3.9
Dodging        | |  0.1
Shields        | |  3.6

Action                   |  1- 3 |  4- 6 || total
-------------------------+-------+-------++-------
Melee: War axe           |   117 |     7 ||   124
Armor: Scale mail        |    69 |     6 ||    75
Dodge: Dodged            |    56 |     4 ||    60
Block: Buckler           |    22 |     5 ||    27
